TOP OF THE 1ST |
Americus Braves batting - Pitching for Colorado Avalanche : RHP Justin Garrett
|
Pitching: RHP Justin Garrett
|
|
Batting: SHB Jose Melendez
|
0-0: Ball 1-0: Fly out, F7 (Flyball, 7, EV 88.1 MPH)
|
Batting: RHB Joe Young
|
0-0: Foul Ball, location: 2F 0-1: Ball 1-1: SINGLE (Flyball, 7LS, EV 98.8 MPH)
|
Batting: RHB Yojiro Hayashi
|
0-0: Called Strike Joe Young steals 2nd base 0-1: Ground out 4-3 (Groundball, 4M, EV 83.8 MPH) Joe Young to third
|
Batting: RHB Josh McCormick
|
0-0: Ball 1-0: SINGLE (Flyball, 8RS, EV 93.1 MPH) Joe Young scores
|
Batting: LHB Ryan Murdock
|
0-0: Called Strike 0-1: Ball Josh McCormick steals 2nd base 1-1: Fly out, F3 (Popup, 34S, EV 76.9 MPH)
|
Top of the 1st over - 1 run, 2 hits, 0 errors, 1 left on base; Americus 1 - Colorado 0 |
BOTTOM OF THE 1ST |
Colorado Avalanche batting - Pitching for Americus Braves : RHP Ioakim Mozgo
|
Pitching: RHP Ioakim Mozgo
|
|
Batting: RHB Matviy Oliynyk
|
0-0: Ball 1-0: Foul Ball, location: 2F 1-1: Fly out, F8 (Flyball, 8RD, EV 101.9 MPH)
|
Batting: LHB Paul McClintock
|
0-0: Ball 1-0: Swinging Strike 1-1: Ball 2-1: Foul Ball, location: 2F 2-2: Ground out 4-3 (Groundball, 4, EV 82.5 MPH)
|
Batting: RHB Ray Insley
|
0-0: Ground out 6-3 (Groundball, 6, EV 105.0 MPH)
|
Bottom of the 1st over - 0 runs, 0 hits, 0 errors, 0 left on base; Americus 1 - Colorado 0 |
TOP OF THE 2ND |
Americus Braves batting - Pitching for Colorado Avalanche : RHP Justin Garrett
|
Batting: RHB Terry Hughes
|
0-0: Called Strike 0-1: Foul Ball, location: 2F 0-2: Ball 1-2: Foul Ball, location: 2F 1-2: Strikes out swinging
|
Batting: LHB Tamaichi Sasada
|
0-0: Fly out, F9 (Flyball, 9S, EV 81.3 MPH)
|
Batting: RHB Gerard Michel
|
0-0: Ball 1-0: Foul Ball, location: 2F 1-1: Fly out, F6 (Popup, 6M, EV 68.1 MPH)
|
Top of the 2nd over - 0 runs, 0 hits, 0 errors, 0 left on base; Americus 1 - Colorado 0 |
BOTTOM OF THE 2ND |
Colorado Avalanche batting - Pitching for Americus Braves : RHP Ioakim Mozgo
|
Batting: RHB Dan Hoffman
|
0-0: Called Strike 0-1: Ball 1-1: Fly out, F5 (Popup, 25F, EV 83.1 MPH)
|
Batting: RHB Ryan Ward
|
0-0: Fly out, F7 (Line Drive, 7D, EV 110.0 MPH)
|
Batting: RHB Manny Thompson
|
0-0: SINGLE (Line Drive, 89M, EV 102.5 MPH)
|
Batting: SHB Craig Ruzic
|
0-0: Ball 1-0: Fly out, F8 (Flyball, 8LD, EV 101.3 MPH)
|
Bottom of the 2nd over - 0 runs, 1 hit, 0 errors, 1 left on base; Americus 1 - Colorado 0 |
TOP OF THE 3RD |
Americus Braves batting - Pitching for Colorado Avalanche : RHP Justin Garrett
|
Batting: RHB George Provance
|
0-0: Fly out, F4 (Popup, 3S, EV 73.8 MPH)
|
Batting: SHB Jose Melendez
|
0-0: Ball 1-0: Ball 2-0: Called Strike 2-1: Foul Ball, location: 2F 2-2: Ball 3-2: DOUBLE (Flyball, 8RXD, EV 92.5 MPH)
|
Batting: RHB Joe Young
|
0-0: Ball 1-0: Called Strike 1-1: Foul Ball, location: 2F 1-2: Foul Ball, location: 2F 1-2: Foul Ball, location: 2F 1-2: Strikes out swinging
|
Batting: RHB Yojiro Hayashi
|
0-0: Foul Ball, location: 2F 0-1: Ground out 5-3 (Groundball, 56S, EV 83.8 MPH)
|
Top of the 3rd over - 0 runs, 1 hit, 0 errors, 1 left on base; Americus 1 - Colorado 0 |
BOTTOM OF THE 3RD |
Colorado Avalanche batting - Pitching for Americus Braves : RHP Ioakim Mozgo
|
Batting: RHB Bob Hayes
|
0-0: Ball 1-0: Swinging Strike 1-1: Ball 2-1: Foul Ball, location: 2F 2-2: Foul Ball, location: 2F 2-2: Strikes out looking
|
Batting: LHB Daniel Green
|
0-0: Ball 1-0: Called Strike 1-1: Fly out, F8 (Flyball, 8RXD, EV 97.5 MPH)
|
Batting: RHB Matviy Oliynyk
|
0-0: Called Strike 0-1: Called Strike 0-2: Strikes out looking
|
Bottom of the 3rd over - 0 runs, 0 hits, 0 errors, 0 left on base; Americus 1 - Colorado 0 |
TOP OF THE 4TH |
Americus Braves batting - Pitching for Colorado Avalanche : RHP Justin Garrett
|
Batting: RHB Josh McCormick
|
0-0: Called Strike 0-1: Ball 1-1: Foul Ball, location: 2F 1-2: Fly out, F8 (Flyball, 78D, EV 86.3 MPH)
|
Batting: LHB Ryan Murdock
|
0-0: SINGLE (Groundball, 4MD, EV 97.5 MPH)
|
Batting: RHB Terry Hughes
|
0-0: Foul Ball, location: 2F 0-1: Ball Wild Pitch! Ryan Murdock to second 1-1: DOUBLE (Line Drive, 89D, EV 105.0 MPH) Ryan Murdock scores
|
Batting: LHB Tamaichi Sasada
|
0-0: Called Strike 0-1: Foul Ball, location: 2F 0-2: SINGLE (Flyball, 6MD, EV 93.8 MPH) Terry Hughes to third
|
Batting: RHB Gerard Michel
|
0-0: SINGLE (Line Drive, 8LS, EV 108.8 MPH) Terry Hughes scores Tamaichi Sasada to second
|
Batting: RHB George Provance
|
0-0: Ball 1-0: Ball 2-0: Called Strike 2-1: Ball 3-1: Called Strike 3-2: SINGLE (Flyball, 4MD, EV 92.5 MPH) Tamaichi Sasada to third Gerard Michel to second
|
Batting: SHB Jose Melendez
|
0-0: Ball 1-0: Swinging Strike 1-1: Foul Ball, location: 2F 1-2: Ball 2-2: Foul Ball, location: 2F 2-2: DOUBLE (Line Drive, 9LM, EV 104.4 MPH) Tamaichi Sasada scores Gerard Michel scores George Provance to third Runner from 3rd tries for Home, SAFE, no throw by RF
|
Batting: RHB Joe Young
|
0-0: Called Strike 0-1: Ground out 5-3 (Groundball, 5S, EV 76.9 MPH)
|
Pitching: RHP John Corfield
|
|
Batting: RHB Yojiro Hayashi
|
0-0: Ground out 6-3 (Groundball, 56, EV 81.9 MPH)
|
Top of the 4th over - 5 runs, 6 hits, 0 errors, 1 left on base; Americus 6 - Colorado 0 |
BOTTOM OF THE 4TH |
Colorado Avalanche batting - Pitching for Americus Braves : RHP Ioakim Mozgo
|
Batting: LHB Paul McClintock
|
0-0: Foul Ball, location: 2F 0-1: Foul Ball, location: 2F 0-2: SINGLE (Line Drive, 8RS, EV 105.0 MPH)
|
Batting: RHB Ray Insley
|
0-0: Called Strike 0-1: Ball 1-1: Foul Ball, location: 2F 1-2: Ball 2-2: Ball 3-2: SINGLE (Line Drive, 8LS, EV 105.0 MPH) Paul McClintock to second
|
Batting: RHB Dan Hoffman
|
0-0: Ball 1-0: Called Strike 1-1: Hit by Pitch Paul McClintock to third Ray Insley to second
|
Batting: RHB Ryan Ward
|
0-0: Foul Ball, location: 2F 0-1: SINGLE (Line Drive, 5D, EV 105.0 MPH) Paul McClintock scores Ray Insley to third Dan Hoffman to second
|
Batting: RHB Manny Thompson
|
0-0: Ball 1-0: Foul Ball, location: 2F 1-1: Called Strike 1-2: Ball 2-2: Foul Ball, location: 2F 2-2: Ball 3-2: Strikes out swinging
|
Batting: SHB Craig Ruzic
|
0-0: Ball 1-0: Foul Ball, location: 2F 1-1: Called Strike 1-2: Ball 2-2: Ball 3-2: Strikes out swinging
|
Batting: RHB Bob Hayes
|
0-0: Ball 1-0: Swinging Strike 1-1: Ball 2-1: Ball 3-1: Base on Balls Ray Insley scores Dan Hoffman to third Ryan Ward to second
|
Batting: LHB Daniel Green
|
0-0: Ball 1-0: Ball 2-0: Ground out 4-3 (Groundball, 4, EV 79.4 MPH)
|
Bottom of the 4th over - 2 runs, 3 hits, 0 errors, 3 left on base; Americus 6 - Colorado 2 |
TOP OF THE 5TH |
Americus Braves batting - Pitching for Colorado Avalanche : RHP John Corfield
|
Batting: RHB Josh McCormick
|
0-0: Ball 1-0: Ball 2-0: Called Strike 2-1: Foul Ball, location: 2F 2-2: Fly out, F4 (Flyball, 3D, EV 88.1 MPH)
|
Batting: LHB Ryan Murdock
|
0-0: Foul Ball, location: 2F 0-1: Ball 1-1: Ball 2-1: Foul Ball, location: 2F 2-2: Ball 3-2: SINGLE (Line Drive, 7S, EV 98.1 MPH)
|
Batting: RHB Terry Hughes
|
0-0: Called Strike 0-1: Foul Ball, location: 2F 0-2: Ball 1-2: Foul Ball, location: 2F 1-2: SINGLE (Flyball, 89S, EV 95.0 MPH) Ryan Murdock to second Throwing error, E9 Ryan Murdock scores Terry Hughes to second
|
Batting: LHB Tamaichi Sasada
|
0-0: Ball 1-0: Called Strike 1-1: Fly out, F7 (Flyball, 7S, EV 90.0 MPH)
|
Batting: RHB Gerard Michel
|
0-0: 2-RUN HOME RUN (Flyball, 7LD, EV 96.9 MPH), Distance : 357 ft
|
Batting: RHB George Provance
|
0-0: Ball 1-0: Swinging Strike 1-1: Ball 2-1: Foul Ball, location: 2F 2-2: Ball 3-2: Base on Balls
|
Batting: SHB Jose Melendez
|
0-0: Called Strike 0-1: Ball George Provance steals 2nd base 1-1: SINGLE (Groundball, 56S, EV 73.1 MPH) (infield hit) George Provance to third
|
Batting: RHB Joe Young
|
0-0: Swinging Strike 0-1: Called Strike 0-2: Ball 1-2: Foul Ball, location: 2F Balk! George Provance scores Jose Melendez to second 1-2: Foul Ball, location: 2F 1-2: DOUBLE (Flyball, 89D, EV 105.0 MPH) Jose Melendez scores
|
Batting: RHB Yojiro Hayashi
|
0-0: Ball 1-0: Called Strike 1-1: Ball 2-1: Ball 3-1: Reached on error, E8 (Flyball, 8LD, EV 89.4 MPH) Joe Young scores
|
Pitching: RHP Chris Kinder
|
|
Batting: RHB Josh McCormick
|
0-0: Ball 1-0: Fly out, F4 (Popup, 23, EV 89.4 MPH)
|
Top of the 5th over - 6 runs, 5 hits, 2 errors, 1 left on base; Americus 12 - Colorado 2 |
BOTTOM OF THE 5TH |
Colorado Avalanche batting - Pitching for Americus Braves : RHP Ioakim Mozgo
|
Batting: RHB Matviy Oliynyk
|
0-0: Called Strike 0-1: Swinging Strike 0-2: Foul Ball, location: 2F 0-2: Strikes out looking
|
Batting: LHB Paul McClintock
|
0-0: Foul Ball, location: 2F 0-1: Swinging Strike 0-2: Strikes out looking
|
Batting: RHB Ray Insley
|
0-0: Ground out 6-3 (Groundball, 6S, EV 86.9 MPH)
|
Bottom of the 5th over - 0 runs, 0 hits, 0 errors, 0 left on base; Americus 12 - Colorado 2 |
TOP OF THE 6TH |
Americus Braves batting - Pitching for Colorado Avalanche : RHP Chris Kinder
|
Batting: LHB Ryan Murdock
|
0-0: Ball 1-0: Ball 2-0: Ball 3-0: Base on Balls
|
Batting: RHB Terry Hughes
|
0-0: Ball 1-0: SINGLE (Groundball, 6MD, EV 99.4 MPH) Ryan Murdock to second
|
Batting: LHB Tamaichi Sasada
|
0-0: Called Strike 0-1: Ball 1-1: Ball 2-1: 3-RUN HOME RUN (Flyball, 9D, EV 97.5 MPH), Distance : 378 ft
|
Batting: RHB Gerard Michel
|
0-0: Ball 1-0: SINGLE (Groundball, 4D, EV 100.6 MPH)
|
Batting: RHB George Provance
|
0-0: Called Strike 0-1: Ball 1-1: Called Strike 1-2: Strikes out swinging
|
Batting: SHB Jose Melendez
|
0-0: Ball 1-0: Ball 2-0: Called Strike 2-1: Ball 3-1: Base on Balls Gerard Michel to second
|
Batting: RHB Joe Young
|
0-0: Called Strike 0-1: Fly out, F8 (Flyball, 8LD, EV 93.1 MPH)
|
Batting: RHB Yojiro Hayashi
|
0-0: Called Strike 0-1: Ball 1-1: Foul Ball, location: 2F 1-2: Fly out, F7 (Line Drive, 7, EV 88.1 MPH)
|
Top of the 6th over - 3 runs, 3 hits, 0 errors, 2 left on base; Americus 15 - Colorado 2 |
BOTTOM OF THE 6TH |
Colorado Avalanche batting - Pitching for Americus Braves : RHP Ioakim Mozgo
|
Batting: RHB Dan Hoffman
|
0-0: Called Strike 0-1: Ball 1-1: Ball 2-1: SINGLE (Line Drive, 56D, EV 95.0 MPH)
|
Batting: RHB Ryan Ward
|
0-0: Foul Ball, location: 2F 0-1: Ball 1-1: Swinging Strike 1-2: Ball 2-2: Foul Ball, location: 2F 2-2: Foul Ball, location: 2F 2-2: Fielders Choice at 2nd, 5-4 (Groundball, 56, EV 83.1 MPH)
|
Batting: RHB Manny Thompson
|
0-0: Ball 1-0: SINGLE (Line Drive, 8RS, EV 104.4 MPH) Ryan Ward to second
|
Batting: SHB Craig Ruzic
|
0-0: Ball Wild Pitch! Ryan Ward to third Manny Thompson to second 1-0: Called Strike 1-1: Called Strike 1-2: SINGLE (Groundball, 6MD, EV 96.3 MPH) Ryan Ward scores Manny Thompson to third
|
Batting: RHB Bob Hayes
|
0-0: Foul Ball, location: 2F 0-1: Ball 1-1: Foul Ball, location: 2F 1-2: Ball 2-2: Strikes out swinging
|
Batting: LHB Daniel Green
|
0-0: Ball 1-0: Ball 2-0: Called Strike 2-1: Foul Ball, location: 2F 2-2: Ball 3-2: SINGLE (Groundball, 56S, EV 68.8 MPH) (infield hit) Manny Thompson scores Craig Ruzic to second
|
Batting: RHB Matviy Oliynyk
|
0-0: Foul Ball, location: 2F 0-1: Ball 1-1: Fly out, F8 (Flyball, 8LS, EV 96.9 MPH)
|
Bottom of the 6th over - 2 runs, 4 hits, 0 errors, 2 left on base; Americus 15 - Colorado 4 |
TOP OF THE 7TH |
Americus Braves batting - Pitching for Colorado Avalanche : RHP Chris Kinder
|
Batting: RHB Josh McCormick
|
0-0: SOLO HOME RUN (Flyball, 78XD, EV 115.0 MPH), Distance : 445 ft
|
Batting: LHB Ryan Murdock
|
0-0: Ball 1-0: Ball 2-0: Foul Ball, location: 2F 2-1: Fly out, F7 (Flyball, 7LS, EV 90.0 MPH)
|
Pitching: RHP Brad Madden
|
|
Batting: RHB Terry Hughes
|
0-0: Called Strike 0-1: Ball 1-1: Ball 2-1: Ball 3-1: Foul Ball, location: 2F 3-2: Strikes out looking
|
Batting: LHB Tamaichi Sasada
|
0-0: Fly out, F6 (Popup, 6, EV 56.3 MPH)
|
Top of the 7th over - 1 run, 1 hit, 0 errors, 0 left on base; Americus 16 - Colorado 4 |
BOTTOM OF THE 7TH |
Colorado Avalanche batting - Pitching for Americus Braves : RHP Ioakim Mozgo
|
Pinch Hitting: SHB Rich McDonald
|
0-0: Called Strike 0-1: Called Strike 0-2: Ball 1-2: Ball 2-2: Strikes out looking
|
Pitching: RHP Jessie Mattei
|
|
Batting: RHB Ray Insley
|
0-0: Ball 1-0: Called Strike 1-1: Swinging Strike 1-2: Ground out 6-3 (Groundball, 6, EV 79.4 MPH)
|
Batting: RHB Dan Hoffman
|
0-0: Called Strike 0-1: Foul Ball, location: 2F 0-2: Strikes out swinging
|
Bottom of the 7th over - 0 runs, 0 hits, 0 errors, 0 left on base; Americus 16 - Colorado 4 |
TOP OF THE 8TH |
Americus Braves batting - Pitching for Colorado Avalanche : RHP Brad Madden
|
Now at 1B: Rich McDonald
|
|
Now at 2B: Ryan Ward
|
|
Batting: RHB Gerard Michel
|
0-0: Ball 1-0: Ball 2-0: Foul Ball, location: 2F 2-1: Called Strike 2-2: Strikes out looking
|
Batting: RHB George Provance
|
0-0: Called Strike 0-1: Foul Ball, location: 2F 0-2: SINGLE (Groundball, 4MD, EV 100.0 MPH) (infield hit)
|
Batting: SHB Jose Melendez
|
0-0: Called Strike 0-1: Ball 1-1: Ball 2-1: Ball 3-1: Swinging Strike 3-2: Foul Ball, location: 2F 3-2: Foul Ball, location: 2F 3-2: Fly out, F7 (Flyball, 78D, EV 98.1 MPH)
|
Batting: RHB Joe Young
|
0-0: Ball 1-0: Hit by Pitch George Provance to second
|
Batting: RHB Yojiro Hayashi
|
0-0: Called Strike 0-1: Foul Ball, location: 2F 0-2: Ball 1-2: Ground out U3 (Groundball, 13, EV 82.5 MPH)
|
Top of the 8th over - 0 runs, 1 hit, 0 errors, 2 left on base; Americus 16 - Colorado 4 |
BOTTOM OF THE 8TH |
Colorado Avalanche batting - Pitching for Americus Braves : RHP Jessie Mattei
|
Batting: RHB Ryan Ward
|
0-0: Called Strike 0-1: Ball 1-1: Ball 2-1: Foul Ball, location: 2F 2-2: Strikes out swinging
|
Batting: RHB Manny Thompson
|
0-0: Called Strike 0-1: Swinging Strike 0-2: Strikes out swinging
|
Batting: SHB Craig Ruzic
|
0-0: Ball 1-0: Foul Ball, location: 2F 1-1: Ball 2-1: Foul Ball, location: 2F 2-2: Ball 3-2: Base on Balls
|
Batting: RHB Bob Hayes
|
0-0: DOUBLE (Line Drive, 8LD, EV 91.3 MPH) Craig Ruzic to third
|
Batting: LHB Daniel Green
|
0-0: Ball 1-0: Called Strike 1-1: Foul Ball, location: 2F 1-2: Foul Ball, location: 2F 1-2: Ball 2-2: Fly out, F3 (Popup, 34, EV 74.4 MPH)
|
Bottom of the 8th over - 0 runs, 1 hit, 0 errors, 2 left on base; Americus 16 - Colorado 4 |
TOP OF THE 9TH |
Americus Braves batting - Pitching for Colorado Avalanche : RHP Brad Madden
|
Batting: RHB Josh McCormick
|
0-0: Ball 1-0: Ground out 6-3 (Groundball, 6, EV 87.5 MPH)
|
Batting: LHB Ryan Murdock
|
0-0: Ball 1-0: Called Strike 1-1: Foul Ball, location: 2F 1-2: Foul Ball, location: 2F 1-2: Foul Ball, location: 2F 1-2: Ball 2-2: Ball 3-2: Foul Ball, location: 2F 3-2: Foul Ball, location: 2F 3-2: Ground out U3 (Groundball, 3, EV 82.5 MPH)
|
Pitching: RHP Maurice Moore
|
|
Batting: RHB Terry Hughes
|
0-0: Called Strike 0-1: Ball 1-1: Ball 2-1: DOUBLE (Line Drive, 8LXD, EV 99.4 MPH)
|
Batting: LHB Tamaichi Sasada
|
0-0: Foul Ball, location: 2F 0-1: Ball 1-1: Foul Ball, location: 2F 1-2: Ball Wild Pitch! Terry Hughes to third 2-2: Strikes out looking
|
Top of the 9th over - 0 runs, 1 hit, 0 errors, 1 left on base; Americus 16 - Colorado 4 |
BOTTOM OF THE 9TH |
Colorado Avalanche batting - Pitching for Americus Braves : RHP Jessie Mattei
|
Pitching: RHP Carlos Dominguez
|
|
Batting: RHB Matviy Oliynyk
|
0-0: Called Strike 0-1: Swinging Strike 0-2: DOUBLE (Groundball, 3L, EV 94.4 MPH)
|
Batting: SHB Rich McDonald
|
0-0: Ground out 6-3 (Groundball, 6MS, EV 88.8 MPH) Matviy Oliynyk to third
|
Batting: RHB Ray Insley
|
0-0: Ball 1-0: Ball 2-0: Called Strike 2-1: Foul Ball, location: 2F 2-2: Ball 3-2: Foul Ball, location: 2F 3-2: Foul Ball, location: 2F 3-2: Foul Ball, location: 2F 3-2: Base on Balls
|
Batting: RHB Dan Hoffman
|
0-0: Ball 1-0: Fielders Choice at 2nd, 5-4 (Groundball, 56, EV 86.9 MPH) Matviy Oliynyk scores
|
Batting: RHB Ryan Ward
|
0-0: Ball 1-0: Ball 2-0: Swinging Strike 2-1: Ball 3-1: Foul Ball, location: 2F 3-2: Base on Balls Dan Hoffman to second
|
Batting: RHB Manny Thompson
|
0-0: Called Strike 0-1: Ball 1-1: Ball 2-1: Swinging Strike 2-2: Strikes out swinging
|
Bottom of the 9th over - 1 run, 1 hit, 0 errors, 2 left on base; Americus 16 - Colorado 5 |
|